 Dungeon Crawl Stone Soup version 0.19-a0-1291-gc8f5409 (webtiles) character file.

2083 PurpleRed the Destroyer (level 9, -14/45 HPs)
             Began as a Deep Elf Conjurer on Aug 30, 2016.
             Was an Initiate of Vehumet.
             Hit by a large rock thrown by a cyclops (46 damage)
             ... on level 8 of the Dungeon.
             The game lasted 00:24:01 (2661 turns).

PurpleRed the Destroyer (Deep Elf Conjurer)         Turns: 2661, Time: 00:24:01

Health: -14/45     AC:  3    Str:  5    XL:     9   Next: 6%
Magic:  16/26      EV: 16    Int: 24    God:    Vehumet [......]
Gold:   378        SH:  0    Dex: 15    Spells: 4 memorised, 18 levels left

rFire  . . .     SeeInvis .     v - +2 rapier (venom)
rCold  . . .     Gourm    .     k - +0 leather armour (curse)
rNeg   . . .     Faith    .     (no shield)
rPois  .         Spirit   .     (no helmet)
rElec  .         Dismiss  .     (no cloak)
rCorr  .         Reflect  .     (no gloves)
MR     .....     Harm     .     (no boots)
Stlth  ++........               j - amulet of magic regeneration
                                (no ring)
                                C - +4 ring of evasion

@: no status effects
A: no striking features
a: Renounce Religion


You were on level 8 of the Dungeon.
You worshipped Vehumet.
Vehumet was noncommittal.
You were not hungry.

You visited 2 branches of the dungeon, and saw 9 of its levels.

You collected 378 gold pieces.

Inventory:

Hand Weapons
 e - a +0 dagger
 g - a +0 short sword
 v - a +2 rapier of venom (weapon)
 B - a +4 short sword of venom
Armour
 a - a +0 robe
 k - a cursed +0 leather armour (worn)
Jewellery
 j - an amulet of magic regeneration (around neck)
 C - a +4 ring of evasion (left hand)
Wands
 i - a wand of iceblast (4/15)
 r - a wand of iceblast (8/15)
Scrolls
 d - a scroll of recharging
 l - 2 scrolls of teleportation
 m - a scroll of remove curse
 p - 2 scrolls of amnesia
 q - 2 scrolls of immolation
 y - a scroll of fear
 D - a scroll of identify
Potions
 n - 4 potions of lignification
 s - 2 potions of resistance
 t - a potion of agility
 u - a potion of brilliance
 w - a potion of invisibility
 x - 2 potions of curing
 z - 2 potions of heal wounds
 A - a potion of beneficial mutation {unknown}
Books
 b - a book of Conjurations

   Spells                             Type                      Level
   a - Magic Dart                     Conjuration                  1
   b - Searing Ray                    Conjuration                  2
   c - Dazzling Spray                 Conjuration/Hexes            3
   d - Fulminant Prism                Conjuration/Hexes            4
   e - Iskenderun's Mystic Blast      Conjuration                  4
   f - Iskenderun's Battlesphere      Conjuration/Charms           5
Comestibles
 c - 4 bread rations
 f - 4 beef jerkies
 h - 2 meat rations
 o - 7 fruits


   Skills:
 - Level 2.4 Dodging
 - Level 2.4 Stealth
 + Level 11.0 Spellcasting
 + Level 11.9 Conjurations
 + Level 6.9 Charms


You had 18 spell levels left.
You knew the following spells:

 Your Spells              Type           Power        Failure   Level  Hunger
a - Magic Dart            Conj           ####         1%          1    None
b - Searing Ray           Conj           ######       1%          2    None
c - Iskenderun's Mystic   Conj           ######..     1%          4    None
d - Iskenderun's Battles  Conj/Chrm      ######..     6%          5    ####...


Dungeon Overview and Level Annotations

Branches:
Dungeon (8/15)             Temple (1/1) D:6
   Lair: D:8-11

Altars:
Ashenzari
Cheibriados
Dithmenos
Fedhas
Gozag
Hepliaklqana
Makhleb
Qazlal
Ru
Sif Muna
Trog
Uskayaw
Vehumet
Xom


Message History

The barrage of energy hits the jackal.
You kill the jackal!
Vehumet accepts your kill.
Your battlesphere expends the last of its energy and dissipates.
Casting: Magic Dart
Confirm with . or Enter, or press ? or * to list all spells.
You conjure a globe of magical energy.
Casting: Iskenderun's Battlesphere
Confirm with . or Enter, or press ? or * to list all spells.
Aiming: Magic Dart
Press: ? - help, Shift-Dir - straight line, f - jackal
Aim: a jackal The magic dart hits the jackal.
Your battlesphere fires!
The barrage of energy hits the jackal.
You kill the jackal!
Vehumet accepts your kill.
The cyclops throws a large rock.
The large rock hits you!!!
Ouch! That really hurt!
You die...

####################
......*.§††)C†......
######@#####.C#####
#.# ..# #.# ..# #.#
... #########.##
C.h. #.........(#
#h#..
####.#######.##
.#.## #....# ###
#.######


You could see a cyclops and a friendly battlesphere.

Vanquished Creatures
  Sigmund (D:3)
  2 hungry ghosts (D:7)
  A sky beast (D:7)
  4 ogres
  2 orc warriors (D:6)
  A giant frog (D:6)
  A wyvern zombie (D:8)
  2 scorpions
  An electric eel (D:8)
  2 crimson imps (D:5)
  3 hounds
  A centaur zombie (D:5)
  A gnoll shaman (D:5)
  3 orc priests
  3 orc wizards
  Ijyb (D:2)
  A giant frog skeleton (D:5)
  Terence (D:2)
  2 worker ants (D:7)
  Robin (D:3)
  2 adders
  11 gnolls
  A shadow imp (D:5)
  A worm (D:2)
  4 giant geckos
  16 orcs
  2 bats (D:2)
  8 giant cockroaches
  8 goblins
  8 hobgoblins
  4 jackals
  2 quokkas
  2 ball pythons (D:5)
  2 giant gecko zombies
  A giant newt (D:5)
  8 kobolds
  A quokka zombie (D:8)
  6 rats
121 creatures vanquished.

Notes
Turn   | Place    | Note
-------+----------+-------------------------------------------
     0 | D:1      | PurpleRed the Deep Elf Conjurer began the quest for the Orb.
     0 | D:1      | Reached XP level 1. HP: 10/10 MP: 6/6
    75 | D:1      | Reached XP level 2. HP: 6/15 MP: 0/8
    79 | D:1      | Learned a level 2 spell: Searing Ray
   135 | D:2      | Found a deep blue altar of Sif Muna.
   355 | D:2      | Reached skill level 5 in Conjurations
   368 | D:2      | Found a burning altar of Makhleb.
   370 | D:2      | Found a shimmering altar of Xom.
   404 | D:2      | Noticed Ijyb
   416 | D:2      | Reached XP level 3. HP: 12/19 MP: 5/10
   452 | D:2      | Reached skill level 10 in Conjurations
   452 | D:2      | Reached XP level 4. HP: 12/24 MP: 1/16
   480 | D:2      | Killed Ijyb
   486 | D:2      | Learned a level 4 spell: Iskenderun's Mystic Blast
   528 | D:3      | Noticed Robin
   544 | D:2      | Noticed Terence
   559 | D:2      | Killed Terence
   614 | D:3      | Noticed Sigmund
   625 | D:3      | Reached XP level 5. HP: 24/28 MP: 13/18
   632 | D:3      | Learned a level 5 spell: Iskenderun's Battlesphere
   704 | D:3      | Killed Robin
   769 | D:5      | Entered Level 5 of the Dungeon
  1018 | D:4      | Found a stormy altar of Qazlal.
  1179 | D:4      | Noticed an ogre
  1185 | D:4      | Killed an ogre
  1185 | D:4      | Reached skill level 1 in Charms
  1185 | D:4      | Reached XP level 6. HP: 32/32 MP: 12/20
  1291 | D:3      | Killed Sigmund
  1291 | D:3      | Reached XP level 7. HP: 16/36 MP: 12/22
  1486 | D:5      | Found a bloodstained altar of Trog.
  1821 | D:6      | Reached skill level 10 in Spellcasting
  1821 | D:6      | Reached XP level 8. HP: 41/41 MP: 14/24
  1858 | D:6      | Found a shadowy altar of Dithmenos.
  1955 | D:5      | Reached skill level 5 in Charms
  2043 | D:6      | Found a hazy altar of Hepliaklqana.
  2169 | D:7      | Found a shattered altar of Ashenzari.
  2189 | D:7      | Found a blossoming altar of Fedhas.
  2256 | D:6      | Found a staircase to the Ecumenical Temple.
  2270 | Temple   | Entered the Ecumenical Temple
  2306 | Temple   | Became a worshipper of Vehumet
  2531 | D:8      | Reached XP level 9. HP: 25/45 MP: 17/26
  2652 | D:8      | Noticed a cyclops
  2661 | D:8      | Hit by a large rock thrown by a cyclops

Vault maps used:
D:1:      matt_arrival_grand_opening
D:2:      minitemple, overflow_temple_1_default, first_bread, minmay_circled_x,
          uniq_iyjb, uniq_terence, uniq_natasha, uniq_jessica
D:3:      nrook_mini_backslash, uniq_sigmund, uniq_robin
D:4:      nicolae_qazlal_eye_of_the_storm
D:5:      bloody_trog
D:6:      nicolae_overflow_crystal_walls, lemuel_coloured_pillars_altar,
          uniq_blork_the_orc
D:7:      corexii_shack_village, lemuel_crystal_altar,
          nicolae_overflow_hidden_temple, uniq_duvessa
D:8:      serial_shops, shop_fountains, kennysheep_mini_moat, shop, shop,
          shop_statue, grunt_pizzeria, serial_bayou_ford_a
Temple:   minmay_temple_curvy_loop

Skill      XL: |  1  2  3  4  5  6  7  8 |
---------------+-------------------------+-----
Conjurations   | 5 10 11 | 11.9
Spellcasting   | 8 9 10 11 | 11.0
Charms         | 1 3 4 6 |  6.9
Dodging        | |  2.4
Stealth        | |  2.4

Action                   |  1- 3 |  4- 6 |  7- 9 || total
-------------------------+-------+-------+-------++-------
Melee: Unarmed           |     9 |       |       ||     9
       Short sword       |     8 |    13 |     2 ||    23
 Cast: Magic Dart        |    22 |    36 |    86 ||   144
       Searing Ray       |     4 |     3 |     5 ||    12
       Iskenderun's Myst |       |     5 |       ||     5
       Iskenderun's Batt |       |     5 |    22 ||    27
  Use: Potion            |     2 |       |       ||     2
       Scroll            |       |     8 |    11 ||    19
 Stab: Sleeping          |     1 |     1 |     1 ||     3
  Eat: Chunk             |       |     3 |     8 ||    11
Armor: Robe              |    11 |     5 |     2 ||    18
Dodge: Dodged            |    36 |    21 |    13 ||    70
